Map: Proxima Station LE

Players

STEN

  • Race: Zerg Zerg
  • League: Platinum
  • Spawn Location: 1:00

Pirateskullz - Winner!

  • Race: Terran Terran
  • League: Platinum
  • Spawn Location: 7:00

VOD

Have the link to the VOD?

Description

Time

  • Played on: June 4, 2017, 4:36 p.m.
  • Length: 9:53
Show
View Real Time Build Order
Export as new Build Order

STEN Zerg 

Build Orders: Hatch First, Zergling Baneling 

Get SALT Encoding   

  12  0:01  Drone  
  13  0:13  Overlord  
  13  0:17  Drone  
  14  0:31  Drone x2  
  16  0:37  Drone  
  17  0:54  Hatchery  
  16  0:59  Drone, Extractor  
  16  1:14  Spawning Pool  
  16  1:16  Drone  
  16  1:31  Drone  
  16  1:32  Drone x2  
  19  1:43  Drone  
  20  1:54  Overlord  
  20  2:02  Metabolic Boost  
  20  2:03  Queen  
  22  2:23  Queen  
  22  2:29  Drone x6  
  30  2:42  Queen  
  32  2:47  Zergling x4  
  34  3:13  Drone x2  
  34  3:14  Overlord  
  34  3:15  Overlord  
  36  3:24  Baneling Nest  
  35  3:31  Drone  
  35  3:32  Drone x2, Overlord x2  
  35  3:33  Drone x4  
  42  3:44  Extractor  
  42  3:47  Drone  
  42  3:48  Drone  
  43  4:04  Zergling x8  
  45  4:20  Zergling x2  
  45  4:21  Zergling x6  
  49  4:24  Zergling x2  
  49  4:25  Zergling x8  
  54  4:31  Baneling x3  
  54  4:32  Baneling x5  
  47  5:07  Drone x3, Extractor  
  47  5:08  Drone, Extractor  
  47  5:10  Drone x2  
  47  5:11  Drone x2, Overlord  
  47  5:12  Drone x3  
  56  5:19  Zergling x2  
  53  5:26  Zergling x2  
  53  5:27  Zergling x2  
  51  5:32  Lair  
  51  5:38  Hatchery  
  51  5:39  Hatchery  
  51  5:40  Extractor  
  51  5:41  Zergling x8  
  51  5:42  Zergling x8  
  54  5:50  Baneling x3  
  54  5:51  Baneling  
  47  6:05  Zergling x2  
  47  6:06  Zergling x6  
  46  6:33  Zergling x8  
  46  6:34  Zergling x4  
  46  6:38  Queen x2  
  54  6:44  Hatchery  
  48  6:48  Zergling x2  
  48  6:49  Zergling x10  
  52  6:59  Hatchery  
  52  7:01  Zergling x8  
  49  7:09  Baneling x2  
  49  7:10  Baneling x2  
  49  7:15  Spine Crawler  
  49  7:16  Baneling Nest  
  49  7:18  Spine Crawler  
  49  7:19  Spine Crawler  
  35  7:34  Queen x2  
  35  7:36  Zergling x2  
  35  7:37  Zergling x16  
  41  7:40  Spine Crawler  
  40  7:54  Infestation Pit  
  35  8:02  Baneling x4  
  24  8:38  Infestor x6  
  24  8:40  Spawning Pool  
Show
View Real Time Build Order
Export as new Build Order

Pirateskullz Terran - Winner!

Build Orders:  

Get SALT Encoding   

  12  0:00  SCV  
  13  0:13  SCV  
  14  0:18  Supply Depot  
  14  0:25  SCV  
  15  0:39  SCV  
  15  0:42  Barracks  
  16  0:51  SCV  
  17  0:58  Supply Depot  
  17  1:04  SCV  
  18  1:14  Barracks  
  18  1:16  SCV  
  19  1:28  SCV  
  19  1:31  Marine  
  21  1:49  Marine  
  21  1:50  Command Center  
  22  1:57  Orbital Command  
  22  2:06  Barracks  
  22  2:09  Marine  
  22  2:12  Marine  
  24  2:28  Barracks  
  24  2:29  Supply Depot  
  24  2:31  SCV  
  24  2:34  Marine  
  26  2:37  Marine  
  26  2:43  SCV  
  28  2:51  Supply Depot  
  28  2:54  Barracks  
  28  2:55  Marine  
  29  2:59  Marine  
  29  3:00  Marine  
  31  3:05  SCV  
  31  3:12  Orbital Command  
  32  3:15  Marine  
  32  3:19  Marine x2  
  35  3:33  Marine x2, Barracks  
  37  3:37  Marine  
  37  3:40  Marine  
  39  3:43  Marine  
  39  3:46  SCV  
  39  3:48  SCV  
  42  3:51  Marine x2  
  42  3:55  Marine  
  45  4:00  Marine x2  
  47  4:05  Barracks  
  47  4:06  SCV  
  47  4:07  SCV  
  47  4:09  Marine x2  
  51  4:15  Marine  
  51  4:16  Supply Depot  
  52  4:18  SCV  
  52  4:19  SCV  
  52  4:20  Marine x2  
  52  4:21  Marine  
  57  4:27  Marine x2  
  59  4:33  Marine  
  59  4:37  Supply Depot  
  60  4:38  Supply Depot  
  60  4:40  Supply Depot  
  60  4:41  SCV x2  
  60  4:44  Marine x2  
  64  4:52  Marine x3  
  67  4:59  Marine x2  
  56  5:05  Marine  
  56  5:06  Command Center  
  55  5:09  SCV  
  55  5:10  SCV  
  55  5:13  Marine x2  
  59  5:18  Marine  
  59  5:19  Marine x3  
  63  5:25  Marine  
  60  5:31  SCV x2, Marine x2  
  64  5:36  Marine x2  
  64  5:41  Marine x2  
  68  5:43  SCV  
  68  5:47  Marine  
  68  5:48  Marine  
  72  5:50  SCV  
  72  5:51  Marine  
  72  5:54  Marine x2  
  75  5:58  Marine  
  75  5:59  Marine  
  75  6:01  Barracks  
  73  6:05  Marine  
  73  6:06  Marine  
  73  6:09  Marine  
  66  6:12  Marine x2  
  66  6:13  SCV x2  
  66  6:16  Marine x2  
  70  6:25  SCV x2, Marine  
  72  6:26  Marine  
  72  6:29  Barracks  
  72  6:30  Barracks  
  72  6:31  Marine, Barracks  
  72  6:32  Marine x2  
  73  6:34  Marine  
  73  6:37  SCV  
  73  6:38  Marine  
  75  6:41  SCV  
  75  6:43  Orbital Command, Marine x2  
  78  6:49  SCV  
  79  6:55  Marine x3  
  79  6:59  Marine x2  
  82  7:02  SCV x2  
  82  7:05  Marine x2  
  86  7:13  Marine x3  
  86  7:14  SCV x2  
  91  7:16  Marine  
  91  7:17  Marine, Supply Depot  
  92  7:23  Marine  
  92  7:24  Marine  
  92  7:25  Marine x3  
  92  7:26  SCV  
  92  7:28  Supply Depot  
  98  7:31  Marine x3  
  98  7:32  Supply Depot  
  98  7:33  SCV  
  98  7:34  SCV, Marine x2  
  97  7:38  SCV  
  97  7:41  Marine  
  97  7:42  Marine x3  
  97  7:43  Marine  
  103  7:44  Command Center  
  103  7:48  Marine  
  103  7:49  Marine x2  
  106  7:52  Marine x2  
  106  7:53  Barracks  
  101  7:59  Marine  
  101  8:00  Marine x4  
  101  8:03  SCV  
  101  8:04  SCV x2  
  108  8:06  Marine  
  108  8:10  Barracks  
  108  8:11  Marine x2  
  108  8:12  Barracks  
  108  8:13  Marine x3  
  108  8:16  SCV x3, Marine  
  102  8:27  Marine x5  
  102  8:29  Marine x2  
  102  8:31  Marine x2  
  111  8:35  Marine x2  
  113  8:42  Marine  
  113  8:45  Marine x5, Supply Depot  
  113  8:46  Marine  
  113  8:47  Marine  
  121  8:49  Marine x2  
  121  8:52  Marine x2  
  125  8:59  Marine x2  
  125  9:00  Marine  
  128  9:02  Marine  
  128  9:03  Marine x4  
  128  9:04  Marine x2  
  128  9:07  Marine x2  
  137  9:10  Marine x2  
  137  9:12  Barracks  
  137  9:13  Barracks  
  139  9:17  Marine x2  
  139  9:18  Marine  
  139  9:20  Marine x2  
  139  9:21  Marine x3  
  139  9:22  Marine x2  
  149  9:24  Marine  
  149  9:25  Marine  
  149  9:28  Marine x2  
  153  9:35  Marine x2  
Tags
 
Add a new tag
Caveats
  • Supply blocks, unpowered buildings, or Contaminate may cause inaccurate times.
  • Supply counts are checked every 10 seconds.